 Dungeon Crawl Stone Soup version 0.29.0-4-gdea44cf6ec (webtiles) character file.

Game seed: 4754104128376395381

1 qw the Grasshopper (level 1, 0/12 HPs)
             Began as a Tengu Warper on Aug 28, 2022.
             Slain by a hobgoblin (1 damage)
             ... on level 1 of the Dungeon.
             The game lasted 00:00:00 (62 turns).

qw the Grasshopper (Tengu Warper)                     Turns: 62, Time: 00:00:00

Health: 0/12       AC:  3    Str: 11    XL:     1   Next: 20%
Magic:  4/4        EV: 11    Int: 13    God:
Gold:   0          SH:  0    Dex: 13    Spells: 4/4 levels left

rFire   . . .      SeeInvis .   a - +0 hand axe
rCold   . . .      Faith    .   (no shield)
rNeg    . . .      Spirit   .   b - +0 leather armour
rPois   .          Reflect  .   (helmet restricted)
rElec   .          Harm     .   (no cloak)
rCorr   .          Rampage  .   (no gloves)
Will    .....                   (boots unavailable)
Stlth   +.........              (no amulet)
HPRegen 0.04/turn               (no ring)
MPRegen 0.09/turn               (no ring)

@: no status effects
A: beak, talons 3
a: no special abilities


You were on level 1 of the Dungeon.
You visited 1 branch of the dungeon, and saw 1 of its levels.


Innate Abilities, Weirdness & Mutations

You have a beak for a mouth.
You have claws for feet.


   Skills:
 - Level 2.0 Fighting
 + Level 2.3 Axes
 - Level 1.0 Throwing
 - Level 1.1 Armour
 - Level 2.1 Dodging
 - Level 2.0 Spellcasting
 - Level 2.4 Translocations


You had 4 spell levels left.
You didn't know any spells.
Your spell library contained the following spells:

 Spells                   Type           Power      Damage    Failure   Level
 Blink                    Tloc           14%        N/A       19%         2
 Gell's Gravitas          Tloc           7%         N/A       36%         3
 Lesser Beckoning         Tloc           7%         N/A       36%         3
 Teleport Other           Tloc           7%         N/A       36%         3
 Manifold Assault         Tloc           7%         N/A       98%         5

Inventory:

Hand Weapons
 a - a +0 hand axe (weapon)
Missiles
 d - 3 boomerangs of dispersal (quivered)
Armour
 b - a +0 leather armour (worn)
Scrolls
 c - a scroll of blinking
 e - a scroll of fear {unknown}

Dungeon Overview and Level Annotations

Branches:
Dungeon (1/15)

Altars:


Message History

Enter note: A kobold and a goblin come into view.
The goblin is wielding a +2 dagger of holy wrath.
The kobold shouts!
A hobgoblin comes into view.
The kobold moves out of view.
Enter note: Throw: 7 boomerangs (disperse)
Press: ? - help, Q - select action Shift-Dir - straight line, f - goblin You throw a boomerang of dispersal.
The boomerang of dispersal misses the goblin.
The hobgoblin shouts!
Throw: 6 boomerangs (disperse)
Press: ? - help, Q - select action Shift-Dir - straight line, f/p - goblin You throw a boomerang of dispersal.
The boomerang of dispersal barely misses the goblin.
Throw: 5 boomerangs (disperse)
Press: ? - help, Q - select action Shift-Dir - straight line, f/p - goblin You throw a boomerang of dispersal.
The boomerang of dispersal closely misses the goblin.
Throw: 4 boomerangs (disperse)
Press: ? - help, Q - select action Shift-Dir - straight line, f/p - goblin You throw a boomerang of dispersal.
The boomerang of dispersal hits the goblin.
The goblin blinks!
You kill the goblin!
You closely miss the kobold. Your kick misses the kobold.
The kobold hits you with a +0 club.
You miss the kobold. Your kick misses the kobold.
You peck the kobold, but do no damage. You hit the hobgoblin but do no damage.
The kobold hits you with a +0 club. The hobgoblin hits you.
You hit the kobold.
The kobold is moderately wounded.
You hit the hobgoblin but do no damage. The kobold hits you but does no damage.
The hobgoblin hits you.
You hit the kobold but do no damage.
The kobold is moderately wounded.
You hit the hobgoblin but do no damage. The kobold hits you but does no damage.
The hobgoblin hits you.
You die...

######## .. #...
##~~¤¤~~~ ..##... #
#~¤~¤¤<.~ ....... .#
#........ )...... #.#
#+##....# .....$. #..#
##''## ....... #..#
#....#
......K##..########....#
......g@..###~¤~.....#..
..##...#..#~~~~...#.¤...
#...#....~~...#...#..
#...#.#....¤.....~#..
#...#....¤#....##~..#
#...##.#~¤....#....#~
#### #.¤.¤###........
##...######....#
#...........###


You could see a hobgoblin and a kobold.

Vanquished Creatures
  A goblin (D:1)
1 creature vanquished.

Notes
Turn   | Place    | Note
-------+----------+-------------------------------------------
     0 | D:1      | qw the Tengu Warper began the quest for the Orb.
     0 | D:1      | Reached XP level 1. HP: 12/12 MP: 4/4
     0 | D:1      | 0 ||| qw: Version: 0.1-a-89-g26bdef1
     0 | D:1      | 0 ||| qw: Game counter: 1980
     0 | D:1      | 0 ||| qw: Always use a shield: true
     0 | D:1      | 0 ||| qw: God list: Okawaru
     0 | D:1      | 0 ||| qw: Allow faded altars: false
     0 | D:1      | 0 ||| qw: Do Orc after D:15 true
     0 | D:1      | 0 ||| qw: Do second Lair branch before Depths: true
     0 | D:1      | 0 ||| qw: Lair rune preference: random
     0 | D:1      | 0 ||| qw: Plans: Normal
     0 | D:1      | 0 ||| PLANNING D:1-11
    61 | D:1      | HP: 1/12 [hobgoblin (4)]
    62 | D:1      | Slain by a hobgoblin

Levels and vault maps discovered:
D:1:      denvon_arrival_hothouse, layout_basic, ebering_ecumenical_altar_hall,
          serial_corexii_hall, corexii_hall_statues_l,
          chequers_hall_statues_wall_a, corexii_hall_statues_l,
          corexii_hall_statues_l

Action                   || total
-------------------------++-------
Melee: Hand axe          ||     4
       Peck              ||     1
Throw: Boomerang         ||     4
Armor: Leather armour    ||     2

Table legend:
 A = Non-vault XP
 B = Vault XP
 C = Vault XP percentage of total XP
 D = Non-vault monster count
 E = Vault monster count
 F = Vault count percentage of total count
                 A         B        C        D         E       F
            +---------+---------+-------+---------+---------+-------
      Total |       2 |       0 |   0.0 |       1 |       0 |   0.0
            +---------+---------+-------+---------+---------+-------
        D:1 |       2 |       0 |   0.0 |       1 |       0 |   0.0
            +---------+---------+-------+---------+---------+-------
